 Dungeon Crawl Stone Soup version 0.30-a0-847-g17996783a1 (webtiles) character file.

Game seed: 3853288747005611968

86 Rocko1345 the Shield-Bearer (level 4, 0/52 HPs)
             Began as a Draconian Wanderer on Mar 3, 2023.
             Succumbed to a scorpion's poison
             ... on level 2 of the Dungeon.
             The game lasted 00:06:50 (1440 turns).

Rocko1345 the Shield-Bearer (Draconian Wanderer)    Turns: 1440, Time: 00:06:50

Health: 0/52       AC: 22    Str: 16    XL:     4   Next: 26%
Magic:  2/6        EV:  2    Int: 11    God:
Gold:   62         SH:  0    Dex: 12    Spells: 3/6 levels left

rFire   . . .      SeeInvis .      - Unarmed
rCold   . . .      Faith    .    (no shield)
rNeg    . . .      Spirit   .    (body armour unavailable)
rPois   +          Reflect  .    (helmet currently unavailable)
rElec   .          Rampage  .    (cloak currently unavailable)
rCorr   .          NoTele   +    (gloves currently unavailable)
Will    .....                    (boots currently unavailable)
Stlth   +                        (no amulet)
HPRegen 0.28/turn                (no ring)
MPRegen 0.10/turn                (no ring)

@: lethally poisoned (0 -> -6), tree-form, wereblooded
A: stationary, stasis, torment immunity, boosted hp, AC +5, unfitting armour,
(cold-blooded)
a: no special abilities


You were on level 2 of the Dungeon.
You were a tree.
You visited 1 branch of the dungeon, and saw 2 of its levels.

You collected 62 gold pieces.

Inventory:

Hand Weapons
 a - a +0 club
 e - a +0 dagger of draining
Armour
 b - a +0 buckler
 f - a +0 helmet
 h - a +0 ring mail
Scrolls
 c - 3 scrolls of fog
 d - a scroll of identify {unknown}
 g - 2 scrolls of teleportation
 i - a scroll of enchant armour {unknown}
 k - a scroll of vulnerability {unknown}


   Skills:
 * Level 1.1 Fighting
 - Level 1.0 Throwing
 + Level 0.7 Dodging
 + Level 3.1 Shields
 * Level 2.9 Unarmed Combat
 + Level 1.7 Spellcasting
 * Level 2.9 Transmutations
 + Level 1.0 Evocations


You had 3 spell levels left.
You knew the following spells:

 Your Spells              Type           Power      Damage    Failure   Level
a - Beastly Appendage     Tmut           14%        N/A       9%          1
b - Wereblood             Tmut           7%         N/A       14%         2

Your spell library contained the following spells:

 Spells                   Type           Power      Damage    Failure   Level
 Spider Form              Tmut/Pois      4%         N/A       45%         3


Dungeon Overview and Level Annotations

Branches:
Dungeon (2/15)

Altars:


Innate Abilities, Weirdness & Mutations

You are a tree.
Your roots penetrate the ground, keeping you stationary.
You cannot be teleported.
You are immune to unholy pain and torment.
Your maximum health is greatly increased.
Your equipment is partially melded.
((Your plain brown scales are hard. (AC +5)))
You cannot fit into any form of body armour.
((You are cold-blooded and may be slowed by cold attacks.))


Message History

You tail-slap the scorpion, but do no damage.
The scorpion is moderately wounded.
The scorpion barely misses you.
You closely miss the scorpion. You claw the scorpion.
The scorpion is heavily wounded.
The scorpion stings you.
You are poisoned.
The scorpion poisons you! The scorpion stings you.
You barely miss the scorpion. Your kick misses the scorpion.
You tail-slap the scorpion.
The scorpion is severely wounded.
Your transformation is almost over.
You feel very sick. The scorpion stings you.
You are more poisoned.
The scorpion poisons you!
You hit the scorpion but do no damage. You claw the scorpion.
You headbutt the scorpion.
You feel a bit better.
You kill the scorpion!
* * * LOW HITPOINT WARNING * * *
You feel very sick.
Your Fighting skill increases to level 1!
You have reached level 3!
Your experience leads to an increase in your attributes!
Increase (S)trength, (I)ntelligence, or (D)exterity?
You feel stronger. x2; Your scales feel tougher.
You have reached level 4!
You feel stronger.
You howl as the wereblood boils in your veins!
* * * LOW HITPOINT WARNING * * *
You feel very sick.
* * * LOW HITPOINT WARNING * * *
You feel sick.
It was a potion of lignification.
Your horns disappear.
Your talons disappear.
You turn into a tree.
Your roots penetrate the ground.
* * * LOW HITPOINT WARNING * * *
You feel very sick.
There is a lethal amount of poison in your body!
You die...

.. #######. .#####)###
...#...... ........# ###
.........#####.....#.#...
.......#.).#...#####.#.#
. #...#†#...........#
#.##.##........##.###
#.##.##..#.###.....#
#....#..#.# ####..#
#......♣#.# #..#
#....†..#.# #..#
#)....#.#.# #>.#
#....##.#.# #..#
#.##.###.#.# #..# #. #.#
#.# ###..##### #. #.# ...
#....##.. #.# ###
#.##.##.# ... #. #.##.###


There were no monsters in sight!

Vanquished Creatures
  A scorpion (D:2)
  A dart slug (D:1)
  A ball python (D:1)
  2 endoplasms (D:1)
  A goblin (D:1)
  A hobgoblin (D:1)
  2 jackals (D:2)
  2 quokkas
  5 bats
  A frilled lizard (D:2)
  3 kobolds
  7 rats
27 creatures vanquished.

Notes
Turn   | Place    | Note
-------+----------+-------------------------------------------
     0 | D:1      | Rocko1345 the Draconian Wanderer began the quest for the
                  | Orb.
     0 | D:1      | Rocko1345 set off with the following items: a +0 club, a +0
                  | buckler, 2 scrolls of fog; and the following spell
                  | memorised: Beastly Appendage; and the following spells
                  | available to memorise: Wereblood, Spider Form.
     0 | D:1      | Reached XP level 1. HP: 14/14 MP: 2/2
   438 | D:1      | Reached XP level 2. HP: 19/19 MP: 0/3
   761 | D:1      | Learned a level 2 spell: Wereblood
  1202 | D:2      | Found a faded altar of an unknown god.
  1422 | D:2      | Noticed a scorpion
  1436 | D:2      | Killed a scorpion
  1437 | D:2      | Reached skill level 1 in Fighting
  1437 | D:2      | Reached XP level 3. HP: 6/28 MP: 1/5
  1437 | D:2      | Reached XP level 4. HP: 8/35 MP: 1/6
  1439 | D:2      | HP: 1/52 [poisoned by a scorpion]
  1440 | D:2      | Succumbed to a scorpion's poison

Illustrated notes

Levels and vault maps discovered:
D:1:      matt_arrival_spirals, layout_loops_ring, grunt_decor_junction
D:2:      layout_loops_ring, ebering_ecumenical_altar_hall

Skill      XL: |  1  2 |
---------------+-------+-----
Fighting       | 1 |  1.1
Throwing       | |  1.0
Dodging        | |  0.7
Shields        | |  3.1
Unarmed Combat | |  2.9
Spellcasting   | |  1.7
Transmutations | |  2.9
Evocations     | |  1.0

Action                     |  1- 3 |  4- 6 || total
---------------------------+-------+-------++-------
  Melee: Unarmed           |    87 |       ||    87
         Headbutt          |     6 |       ||     6
         Kick              |     9 |       ||     9
         Tailslap          |     7 |       ||     7
   Cast: Beastly Appendage |    16 |       ||    16
         Wereblood         |     3 |       ||     3
    Use: Scroll            |     1 |       ||     1
         Potion            |       |     1 ||     1
 Armour: Skin              |    32 |       ||    32
  Dodge: Dodged            |    91 |       ||    91

Table legend: (Time is in decaauts)
 A = Elapsed time spent in this place.
 B = Non-inter-level travel time spent in this place.
 C = Inter-level travel time spent in this place.
 D = Time resting spent in this place.
 E = Time spent auto-exploring this place.
 F = Levels seen in this place.
 G = Mean time per level.
                   A        B        C        D        E       F      G
               +--------+--------+--------+--------+--------+-----+--------+
         Total |   1435 |   1393 |     42 |    167 |    666 |   2 |  717.5 |
       Dungeon |   1435 |   1393 |     42 |    167 |    666 |   2 |  717.5 |
               +--------+--------+--------+--------+--------+-----+--------+

Top non-repeatable levels by time:
     D:1: 1164 daAuts
     D:2: 271 daAuts
